 Dungeon Crawl Stone Soup version 0.29-a0-322-g68df515428 (webtiles) character file.

Game seed: 10970366232116071777

99 bande the Covered (level 4, -1/29 HPs)
             Began as a Gargoyle Fighter on Apr 7, 2022.
             Slain by a water moccasin (5 damage)
             ... on level 3 of the Dungeon.
             The game lasted 00:03:13 (2556 turns).

bande the Covered (Gargoyle Fighter)                Turns: 2556, Time: 00:03:14

Health: -1/29      AC: 15    Str: 20    XL:     4   Next: 72%
Magic:  4/4        EV:  4    Int:  8    God:
Gold:   167        SH:  9    Dex: 17    Spells: 3/3 levels left

rFire   . . .      SeeInvis .   a - +0 war axe
rCold   . . .      Faith    .   b - +0 kite shield
rNeg    + . .      Spirit   .   o - +0 plate armour
rPois   ∞          Reflect  .   (no helmet)
rElec   +          Harm     .   (no cloak)
rCorr   .          Rampage  .   (no gloves)
Will    .....                   (no boots)
Stlth   ..........              (no amulet)
HPRegen 0.09/turn               e - +6 ring of dexterity
MPRegen 0.09/turn               (no ring)

@: no status effects
A: sickness immunity, AC +3, negative energy resistance 1, electricity
resistance, torment resistance 1, petrification resistance
a: no special abilities


You were on level 3 of the Dungeon.
You visited 1 branch of the dungeon, and saw 3 of its levels.

You collected 167 gold pieces.

Inventory:

Hand Weapons
 a - a +0 war axe (weapon)
 c - a +0 war axe
 g - a +1 vorpal mace
Armour
 b - a +0 kite shield (worn)
 o - a +0 plate armour (worn)
Jewellery
 e - a +6 ring of dexterity (left hand)
Potions
 d - 2 potions of might
 f - 2 potions of flight
 h - a potion of resistance
 i - a potion of brilliance {unknown}
 j - 3 potions of berserk rage {unknown}
 k - a potion of lignification {unknown}
 l - 2 potions of mutation {unknown}
 m - a potion of cancellation {unknown}
 n - a potion of heal wounds {unknown}
 p - a potion of ambrosia {unknown}


   Skills:
 + Level 3.9 Fighting
 + Level 2.8 Axes
 + Level 4.2 Armour
 + Level 3.8 Shields


You had 3 spell levels left.
You didn't know any spells.
Your spell library contained the following spells:

 Spells                   Type           Power      Damage    Failure   Level
 Sting                    Tmut/Pois      0%         1d3       100%        1
 Poisonous Vapours        Pois/Air       0%         N/A       100%        2
 Olgreb's Toxic Radiance  Pois           0%         N/A       100%        4


Dungeon Overview and Level Annotations

Branches:
Dungeon (3/15)

Altars:


Innate Abilities, Weirdness & Mutations

You are immune to sickness and miasma.
Your stone body is resilient. (AC +3)
You are immune to poison.
You resist negative energy. (rN+)
You are resistant to electric shocks. (rElec)
You are resistant to unholy torment.
You are immune to petrification.


Message History

You block the water moccasin's attack.
You hit the water moccasin.
The water moccasin is almost dead.
The water moccasin bites you but does no damage.
You block the water moccasin's attack.
You hit the water moccasin but do no damage.
The water moccasin is almost dead.
You block the water moccasin's attack. The water moccasin bites you.
You barely miss the water moccasin.
The water moccasin is severely wounded.
The water moccasin bites you but does no damage.
You block the water moccasin's attack.
You barely miss the water moccasin.
The water moccasin is severely wounded.
The water moccasin bites you.
The water moccasin bites you but does no damage.
The water moccasin barely misses you.
You hit the water moccasin but do no damage.
The water moccasin is severely wounded.
You block the water moccasin's attack. The water moccasin barely misses you.
You miss the water moccasin.
The water moccasin is severely wounded.
You block the water moccasin's attack. x2
You completely miss the water moccasin.
The water moccasin is severely wounded.
You block the water moccasin's attack.
The water moccasin bites you but does no damage.
You hit the water moccasin.
The water moccasin is almost dead.
The water moccasin bites you.
* * * LOW HITPOINT WARNING * * *
You block the water moccasin's attack.
You barely miss the water moccasin.
The water moccasin is almost dead.
You block the water moccasin's attack.
The water moccasin bites you but does no damage.
You completely miss the water moccasin.
The water moccasin is almost dead.
The water moccasin bites you.
You die...

.........................##......
.#.....#.###.............##.#...#
.#.#...#.#######>...###..##......
.......).....###......>........#.
######....##.##.....####.##.##...
######...###.##<###.# #.........
........#.......# #.# #######.##
.......>......#.###.# #.#
........#.##..#.@S..# .
..............####### .#
......#.#.........###########
......#.#..##.###†..........#
..............##.....######.#
######........#......# ###.###
#.##............# #.....#
#.###.#.##.....## #.###.#
#.###.#.###...## #.# #.#


You could see a water moccasin.

Vanquished Creatures
  5 adders
  A worm (D:2)
  2 dart slugs
  4 orcs (D:3)
  6 ball pythons
  2 endoplasms
  A giant cockroach (D:2)
  7 hobgoblins
  3 kobolds (D:2)
  4 bats
  4 frilled lizards
  4 goblins
  3 rats
46 creatures vanquished.

Notes
Turn   | Place    | Note
-------+----------+-------------------------------------------
     0 | D:1      | bande the Gargoyle Fighter began the quest for the Orb.
     0 | D:1      | Reached XP level 1. HP: 14/14 MP: 1/1
    83 | D:1      | Found a faded altar of an unknown god.
   275 | D:1      | Reached XP level 2. HP: 12/19 MP: 2/2
  1028 | D:2      | Reached XP level 3. HP: 12/23 MP: 3/3
  1561 | D:2      | Reached skill level 4 in Armour
  1561 | D:2      | Reached XP level 4. HP: 22/29 MP: 4/4
  2534 | D:3      | Noticed a water moccasin
  2556 | D:3      | Slain by a water moccasin

Illustrated notes

Levels and vault maps discovered:
D:1:      minmay_arrival_plants_in_alcoves, layout_basic,
          ebering_ecumenical_altar_webs
D:2:      layout_basic
D:3:      layout_loops_cross, serial_glass, glass_columns_a, glass_columns_b

Skill      XL: |  1  2  3 |
---------------+----------+-----
Axes           | 2 |  2.8
Armour         | 4 |  4.2
Fighting       | |  3.9
Shields        | |  3.8

Action                   |  1- 3 |  4- 6 || total
-------------------------+-------+-------++-------
Melee: War axe           |    76 |    74 ||   150
  Use: Scroll            |     5 |       ||     5
Armor: Scale mail        |    46 |    14 ||    60
       Plate armour      |       |    25 ||    25
Dodge: Dodged            |    34 |    24 ||    58
Block: Buckler           |    18 |     8 ||    26
       Kite shield       |       |    26 ||    26

Table legend: (Time is in decaauts)
 A = Elapsed time spent in this place.
 B = Non-inter-level travel time spent in this place.
 C = Inter-level travel time spent in this place.
 D = Time resting spent in this place.
 E = Time spent auto-exploring this place.
 F = Levels seen in this place.
 G = Mean time per level.
                   A        B        C        D        E       F      G
               +--------+--------+--------+--------+--------+-----+--------+
         Total |   2622 |   2586 |     36 |    146 |   2000 |   3 |  874.0 |
       Dungeon |   2622 |   2586 |     36 |    146 |   2000 |   3 |  874.0 |
               +--------+--------+--------+--------+--------+-----+--------+

Top non-repeatable levels by time:
     D:2: 1263 daAuts
     D:1: 956 daAuts
     D:3: 403 daAuts
